 Dungeon Crawl Stone Soup version 0.28.0-43-g3370ac3207 (webtiles) character file.

Game seed: 15750842522021783112

74 ultragoat the Skirmisher (level 4, -3/35 HPs)
             Began as a Demonspawn Abyssal Knight on Mar 18, 2022.
             Was a Believer of Lugonu.
             Slain by a gnoll
             ... wielding a +0 halberd
              (4 damage)
             ... on level 3 of the Dungeon.
             The game lasted 00:08:58 (2572 turns).

ultragoat the Skirmisher (DsAK)                     Turns: 2572, Time: 00:08:59

Health: -3/35      AC:  4    Str: 15    XL:     4   Next: 10%
Magic:  5/5        EV: 11    Int: 18    God:    Lugonu [**....]
Gold:   73         SH:  0    Dex: 13    Spells: 3/3 levels left

rFire   . . .      SeeInvis .   a - +2 falchion
rCold   . . .      Faith    .   (no shield)
rNeg    . . .      Spirit   .   b - +0 leather armour
rPois   +          Reflect  .   f - +0 helmet
rElec   .          Harm     .   (no cloak)
rCorr   .          Rampage  .   (no gloves)
Will    .....                   (no boots)
Stlth   +.........              (no amulet)
HPRegen 0.11/turn               j - ring of poison resistance
MPRegen 0.18/turn               g - +6 ring of intelligence

@: about to teleport
A: magic regeneration, weakness stinger 1
a: Renounce Religion, Depart the Abyss, Bend Space


You were on level 3 of the Dungeon.
You worshipped Lugonu.
Lugonu was pleased with you.
You visited 1 branch of the dungeon, and saw 3 of its levels.
You visited the Abyss 1 time.

You collected 73 gold pieces.

Inventory:

Hand Weapons
 a - a +2 falchion (weapon)
Armour
 b - a +0 leather armour (worn)
 f - a +0 helmet (worn)
Jewellery
 e - a ring of protection from fire
 g - a +6 ring of intelligence (right hand)
 j - a ring of poison resistance (left hand)
Scrolls
 k - a scroll of teleportation
Potions
 c - a potion of lignification {unknown}
 d - a potion of curing
 h - a potion of brilliance {unknown}
 i - a potion of mutation {unknown}


   Skills:
 + Level 3.4 Fighting
 * Level 2.7 Long Blades
 - Level 0.6 Throwing
 + Level 2.3 Armour
 + Level 1.6 Dodging
 - Level 2.5 Invocations


You had 3 spell levels left.
You didn't know any spells.
Your spell library contained the following spells:

 Spells                   Type           Power      Damage    Failure   Level
 Dazzling Flash           Conj/Hex       0%         N/A       63%         3
 Iskenderun's Mystic Bla  Conj/Tloc      0%         2d3       95%         4
 Starburst                Conj/Fire      0%         6d3       100%        6


Dungeon Overview and Level Annotations

Branches:
Dungeon (3/15)

Altars:
Okawaru


Innate Abilities, Weirdness & Mutations

You regenerate magic rapidly.
You have a small tail.


Message History

Found a steel ring.
j - a ring of poison resistance You're wearing all the rings you can.
Remove which one? (? for menu, Esc to cancel) < or
e - a ring of protection from fire; > or
g - a +6 ring of intelligence You remove your ring of protection from fire.
j - a ring of poison resistance (left hand)
Found 24 arrows.
You see here 24 arrows.
HP restored.
An orc comes into view. It is wielding a +0 flail.
The orc shouts!
The gnoll shouts!
You aren't carrying any items that you can evoke.
Unknown command.
You closely miss the orc. The orc hits you with a +0 flail.
You hit the orc but do no damage. The gnoll hits you but does no damage.
The orc barely misses you. The gnoll misses you.
You hit the orc.
The orc is heavily wounded.
The orc hits you with a +0 flail.
The gnoll hits you from afar with a +0 halberd!
You barely miss the orc.
The orc is heavily wounded.
The orc hits you with a +0 flail!
The gnoll hits you from afar with a +0 halberd.
* * * LOW HITPOINT WARNING * * *
You hit the orc but do no damage.
The orc is heavily wounded.
The orc barely misses you. The gnoll closely misses you.
The orc closely misses you.
You barely miss the orc.
The orc is heavily wounded.
The gnoll barely misses you. The orc hits you with a +0 flail.
* * * LOW HITPOINT WARNING * * *
Unknown command.
As you read the scroll of teleportation, it crumbles to dust.
You feel strangely unstable.
The gnoll hits you from afar with a +0 halberd.
You die...

.# ### ..###. ...... ## ##..##
#####.... #...# #.....# #########
####..###.##############.......#
..............go@....(....####.##
######...####################..#
..#.....## ##...## .......<#####
#..### ..........g.#### #.##
.......>###....# #.# .....g.o#
####.## ##.# ####
........######..# ####..###...
......#.......#....###....###..##


You could see a gnoll and an orc.

Vanquished Creatures
  A gnoll (D:3)
  A worm (D:2)
  A dart slug (D:1)
  An orc (D:3)
  4 ball pythons
  2 bats (D:1)
  7 endoplasms
  2 giant cockroaches (D:2)
  5 goblins
  6 hobgoblins
  2 jackals (D:2)
  6 kobolds
  2 quokkas
  11 frilled lizards (D:1)
  4 rats
55 creatures vanquished.

Vanquished Creatures (collateral kills)
  A frilled lizard (D:1)
1 creature vanquished.

Vanquished Creatures (others)
  9 plants (D:1)
9 creatures vanquished.

Grand Total: 65 creatures vanquished

Notes
Turn   | Place    | Note
-------+----------+-------------------------------------------
     0 | Abyss:1  | ultragoat the Demonspawn Abyssal Knight began the quest for
                  | the Orb.
     0 | Abyss:1  | Reached XP level 1. HP: 18/18 MP: 2/2
     2 | Abyss:1  | Found a corrupted altar of Lugonu.
    40 | D:1      | Escaped the Abyss
    68 | D:1      | Reached skill level 1 in Dodging
   141 | D:1      | Gained mutation: You have a small tail. [demonic ancestry]
   141 | D:1      | Reached XP level 2. HP: 19/24 MP: 3/3
   661 | D:1      | Gained mutation: You regenerate magic rapidly. [demonic
                  | ancestry]
   661 | D:1      | Reached XP level 3. HP: 21/29 MP: 4/4
   664 | D:1      | Reached ** piety under Lugonu
  1071 | D:1      | Found a faded altar of an unknown god.
  2029 | D:3      | Noticed an ice beast
  2107 | D:3      | Reached XP level 4. HP: 13/35 MP: 5/5
  2371 | D:3      | Found an iron altar of Okawaru.
  2571 | D:3      | HP: 1/35 [orc/+0 flail (5)]
  2572 | D:3      | Slain by a gnoll

Illustrated notes

Levels and vault maps discovered:
D:1:      minmay_arrival_up_and_down, layout_rooms,
          shapermc_ecumenical_altar_mp_vishouse, minmay_lizard_king
D:2:      layout_loops_ring, grunt_decor_cap
D:3:      layout_rooms, okawaru_metal_pillars_3, minmay_diced_spiral, uniq_ijyb

Skill      XL: |  1  2 |
---------------+-------+-----
Dodging        | 1 |  1.6
Armour         | 2 |  2.3
Long Blades    | 2 |  2.7
Fighting       | |  3.4
Throwing       | |  0.6
Invocations    | |  2.5

Action                   |  1- 3 |  4- 6 || total
-------------------------+-------+-------++-------
Melee: Falchion          |   120 |    12 ||   132
       Tailslap          |     8 |     1 ||     9
       Punch             |     3 |       ||     3
Throw: Boomerang         |    14 |       ||    14
  Use: Scroll            |     4 |     3 ||     7
       Potion            |       |     1 ||     1
Armor: Leather armour    |    36 |     2 ||    38
Dodge: Dodged            |    95 |     9 ||   104
